 Dungeon Crawl Stone Soup version 0.31-a0-851-g7ff8af7976 (webtiles) character file.

Game seed: 567985743606452453

81344 Gargoyl the Severer (level 15, -1/101 HPs)
             Began as a Gargoyle Berserker on Oct 7, 2023.
             Was a High Priest of Trog.
             Slain by a harpy simulacrum (9 damage)
             ... in an ice cave.
             The game lasted 00:25:57 (18578 turns).

Gargoyl the Severer (Gargoyle Berserker)           Turns: 18578, Time: 00:25:59

Health: -1/101     AC: 33    Str: 24    XL:     15   Next: 70%
Magic:  15/15      EV: 19    Int: 14    God:    Trog [*****.]
Gold:   1289       SH:  5    Dex: 19    Spells: 14/14 levels left

rFire   + + .        i - +5 war axe "Kyiza" {flame, rF+ Stlth+}
rCold   . . .        (no shield)
rNeg    + + .        v - +3 chain mail of Amorality {rElec rN+ Int+3}
rPois   ∞            w - +0 helmet {Int+3}
rElec   +            (no cloak)
rCorr   +            g - +1 pair of gloves
SInv    .            u - +1 pair of boots {Fly}
Will    ++...        t - amulet of reflection
Stlth   ++           m - ring of Intercession {EV+5 Dex+3}
HPRegen 0.36/turn    e - ring of Meedyuwk {rF+ rCorr Dex+3}
MPRegen 0.14/turn

%: reflection
@: flying
A: sickness immunity, AC +11, big wings, negative energy resistance 1,
electricity resistance, torment resistance 1, petrification resistance, talons
1, strong-willed 1, MP-powered wands, sturdy frame 1
a: Renounce Religion, Berserk, Trog's Hand, Brothers in Arms


You were in an ice cave.
You worshipped Trog.
Trog was extremely pleased with you.
You visited 2 branches of the dungeon, and saw 20 of its levels.
You also visited: Ice Cave.

You collected 1487 gold pieces.
You spent 198 gold pieces at shops.

Inventory:

Hand Weapons
 i - the +5 war axe "Kyiza" (weapon) {flame, rF+ Stlth+}
   (Trog gifted it to you on level 4 of the Lair of Beasts)

   rF+:       It protects you from fire.
   Stlth+:    It makes you more stealthy.
 q - a +7 war axe of flaming
 F - the +8 demon trident "Rift" {distort, reach+}
   (You found it on level 5 of the Lair of Beasts)
 P - a +3 broad axe of venom
Missiles
 A - 34 poisoned darts (quivered)
 H - 4 throwing nets
Armour
 g - a +1 pair of gloves (worn)
 u - a +1 pair of boots of flying (worn)
 v - the +3 chain mail of Amorality (worn) {rElec rN+ Int+3}
   (You found it on level 5 of the Dungeon)

   Int+3:     It affects your intelligence (+3).
   rElec:     It insulates you from electricity.
   rN+:       It protects you from negative energy.
 w - a +0 helmet of intelligence (worn)
Jewellery
 e - the ring of Meedyuwk (right hand) {rF+ rCorr Dex+3}
   (You acquired it on level 3 of the Dungeon)

   [ring of resist corrosion]

   Dex+3:     It affects your dexterity (+3).
   rF+:       It protects you from fire.
   rCorr:     It protects you from acid and corrosion.
 m - the ring of Intercession (left hand) {EV+5 Dex+3}
   (You found it on level 3 of the Dungeon)

   [ring of evasion]

   EV+5:      It affects your evasion (+5).
   Dex+3:     It affects your dexterity (+3).
 t - an amulet of reflection (around neck)
 x - an amulet of guardian spirit
 C - an amulet of the acrobat
 K - a ring of positive energy
Wands
 b - a wand of mindburst (15)
 f - a wand of iceblast (10)
 l - a wand of digging (15)
 n - a wand of flame (8)
 o - a wand of paralysis (9)
 p - a wand of acid (5)
 r - a wand of polymorph (17)
Scrolls
 j - 2 scrolls of poison
 y - 8 scrolls of identify
 D - 2 scrolls of fog
 L - a scroll of vulnerability
 M - 3 scrolls of teleportation
 N - a scroll of blinking
Potions
 c - 2 potions of might
 d - a potion of invisibility
 h - 4 potions of magic
 k - 3 potions of mutation
 s - 7 potions of curing
 z - 4 potions of enlightenment
 B - 2 potions of attraction
 E - 4 potions of ambrosia
 G - 3 potions of lignification
 I - 2 potions of cancellation
 J - 2 potions of haste
 O - a potion of heal wounds


   Skills:
 + Level 14.4 Fighting
 + Level 2.0 Long Blades
 + Level 17.1 Axes
 + Level 1.7 Throwing
 + Level 12.2 Armour
 + Level 7.1 Dodging
 + Level 4.3 Stealth
 + Level 7.6 Shields


You had 14 spell levels left.
You didn't know any spells.
Your spell library was empty.

Dungeon Overview and Level Annotations

Branches:
Dungeon (15/15)            Temple (0/1) D:7            Lair (5/5) D:9
 Shoals (0/4) Lair:2       Spider (0/4) Lair:2        Slime (0/5) Lair:5
    Orc (0/2) D:10         Vaults (0/5) D:13          IceCv (1/1)
 Depths: D:15

Altars:
Dithmenos
Gozag
Hepliaklqana
Kikubaaqudgha
Okawaru
Qazlal
Sif Muna
Uskayaw
Xom
Zin

Shops:
D:5 [

Annotations:
D:5 2 runed translucent doors IceCv 1 transporter


Innate Abilities, Weirdness & Mutations

You are immune to sickness and miasma.
Your stone body is resilient. (AC +11)
You are immune to poison.
Your large and strong wings let you fly.
You resist negative energy. (rN+)
You are resistant to electric shocks. (rElec)
You are resistant to unholy torment.
You are immune to petrification.
You have sharp toenails.
You are strong-willed. (Will+)
You expend magic power (3 MP) to strengthen your wands.
Your movements are slightly less encumbered by armour. (ER -2)


Message History

You hear the crackling of a melting archway very nearby.
Unknown command.
There is a frozen archway here.
The world spins around you as you enter the gateway.
You enter an ice cave!
The white very ugly thing gurgles horribly!
Found 3 boomerangs.
Found an ice covered gate leading back out of this place.
There is an ice choked empty arch of ancient stone here.
A harpy simulacrum and an ettin simulacrum come into view.
Found a runed whip, a dire flail and a potion of curing.
Unknown command.
Found 47 gold pieces.
Unknown command.
Found a transporter.
The caustic shrike simulacrum claws you but does no damage.
The harpy simulacrum claws you. The harpy simulacrum freezes you!!
The harpy simulacrum misses you. The lindwurm simulacrum bites you.
The lindwurm simulacrum freezes you!
The lindwurm simulacrum closely misses you.
The lindwurm simulacrum claws you but does no damage.
You block the caustic shrike simulacrum's attack.
The white very ugly thing pecks you! The white very ugly thing freezes you!!
* * * LOW HITPOINT WARNING * * *
The alligator simulacrum barely misses you.
You block the alligator simulacrum's attack.
You slice the white very ugly thing!! You burn the white very ugly thing.
The white very ugly thing is lightly wounded.
You barely miss the caustic shrike simulacrum.
You barely miss the alligator simulacrum.
You slash the harpy simulacrum!
You melt the harpy simulacrum.
You hit the lindwurm simulacrum.
You melt the lindwurm simulacrum.
The harpy simulacrum closely misses you.
The harpy simulacrum claws you but does no damage.
The caustic shrike simulacrum claws you but does no damage.
The harpy simulacrum closely misses you.
The harpy simulacrum claws you!
* * * LOW HITPOINT WARNING * * *
The harpy simulacrum freezes you!
You die...

##...8©8...##
#...$.©.$...#
##....!))....##
#......(......#
#....8...8Z...#
#....Z........#
#....Zu.Z...#
#...ZZ@Z....#
#......Z....#
##.........##
##...∩...##
##..∩..##
#######


You could see a white very ugly thing, an alligator simulacrum, 2 lindwurm
simulacra, a harpy simulacrum, 3 ettin simulacra and a caustic shrike
simulacrum.

Vanquished Creatures
  Frances (D:13)
  Kirke (D:14)
  Snorg (D:13)
  4 catoblepae
  3 hydras
  3 boulder beetles
  3 centaur warriors
  A two-headed ogre (D:13)
  Erica (Lair:1)
  7 death yaks
  3 tengu warriors
  A skyshark (Lair:5)
  3 necromancers
  An orange crystal statue (D:14)
  3 deep elf pyromancers
  A deep elf zephyrmancer (D:13)
  2 ugly things
  An oklob plant (Lair:4)
  6 manticores
  A wolf spider (Lair:5)
  A cyclops (D:12)
  7 black mambas
  19 elephants
  A water nymph (shapeshifter) (D:13)
  A torpor snail (Lair:5)
  13 cane toads
  3 gargoyles (D:12)
  5 unseen horrors
  8 komodo dragons
  5 rime drakes
  A queen bee (Lair:4)
  4 trolls
  2 polar bears
  3 meliai (Lair:4)
  A tarantella (Lair:2)
  Prince Ribbit (D:9)
  29 blink frogs
  A hornet (D:10)
  A spriggan (Lair:3)
  4 shadows
  65 yaks
  A centaur simulacrum (D:14)
  2 vampires (D:13)
  3 slime creatures (D:15)
  6 wraiths
  4 wyverns
  4 hogs (D:14)
  Eustachio (D:6)
  5 basilisks
  2 steam dragons (D:12)
  3 vampire mosquitoes (D:13)
  2 acid dragons
  10 water moccasins
  An ice beast (D:8)
  8 orc warriors
  4 sky beasts
  A black bear (shapeshifter) (D:14)
  9 centaurs
  24 wolves
  A phantom (D:5)
  4 kobold brigands
  6 bullfrogs
  4 scorpions
  2 gnoll sergeants
  8 wights
  55 killer bees
  2 electric eels (D:10)
  6 howler monkeys
  A crimson imp (D:9)
  A hound (D:6)
  7 orc priests
  2 jellies
  2 gnoll boudas
  13 orc wizards
  4 iguanas
  4 hell rats (Lair:5)
  2 yak simulacra (Lair:4)
  5 polar bear simulacra (Lair:4)
  2 wolf simulacra (Lair:4)
  19 gnolls
  8 adders
  A river rat (Lair:4)
  6 white imps
  An ufetubus (D:5)
  4 worms
  3 dart slugs
  30 orcs
  7 ball pythons
  3 bats
  8 endoplasms
  A giant cockroach (D:4)
  12 goblins
  11 hobgoblins
  13 jackals
  5 frilled lizards
  19 kobolds
  5 rats
  2 river rat simulacra (Lair:4)
601 creatures vanquished.

Vanquished Creatures (collateral kills)
  Rupert (Lair:5)
  Nessos (Lair:5)
  3 elephants (Lair:5)
  A polar bear (Lair:5)
  3 yaks (Lair:5)
  2 water moccasins (Lair:5)
  A killer bee (Lair:4)
  3 hell rats (Lair:5)
15 creatures vanquished.

Vanquished Creatures (others)
  A centaur (D:13)
1 creature vanquished.

Grand Total: 617 creatures vanquished

Notes
Turn   | Place    | Note
-------+----------+-------------------------------------------
     0 | D:1      | Gargoyl the Gargoyle Berserker began the quest for the Orb.
     0 | D:1      | Reached XP level 1. HP: 14/14 MP: 1/1
    82 | D:1      | Reached XP level 2. HP: 19/19 MP: 2/2
   132 | D:1      | Reached skill level 3 in Axes
   304 | D:1      | Reached XP level 3. HP: 21/24 MP: 3/3
   589 | D:2      | Reached ** piety under Trog
   804 | D:2      | Reached XP level 4. HP: 29/29 MP: 4/4
  1398 | D:3      | Found an iron altar of Okawaru.
  1413 | D:3      | Identified a scroll of acquirement
  1413 | D:3      | Acquired the ring of Meedyuwk {rF+ rCorr Dex+3}
  1583 | D:3      | Identified the ring of Intercession {EV+5 Dex+3}
  1594 | D:3      | Reached XP level 5. HP: 33/33 MP: 5/5
  2054 | D:3      | Found a shimmering altar of Xom.
  2059 | D:3      | Found an ancient bone altar of Kikubaaqudgha.
  2300 | D:4      | Reached skill level 1 in Stealth
  2323 | D:4      | Acquired a +3 heavy war axe
  2345 | D:4      | Reached skill level 4 in Axes
  2352 | D:4      | Reached *** piety under Trog
  2512 | D:4      | Reached XP level 6. HP: 32/39 MP: 6/6
  2660 | D:4      | Found a stormy altar of Qazlal.
  2783 | D:5      | Entered Level 5 of the Dungeon
  2792 | D:5      | Found Viutaid's Armour Boutique.
  2797 | D:5      | Bought a +1 pair of boots of flying for 198 gold pieces
  2825 | D:5      | Identified the +3 chain mail of Amorality {rElec rN+ Int+3}
  2825 | D:5      | Noticed a water moccasin
  2840 | D:5      | Killed a water moccasin
  2923 | D:5      | Noticed a water moccasin
  2931 | D:5      | Reached skill level 5 in Axes
  2933 | D:5      | Killed a water moccasin
  2934 | D:5      | Reached XP level 7. HP: 44/44 MP: 7/7
  2947 | D:5      | Found a hazy altar of Hepliaklqana.
  3056 | D:5      | Found a large runed translucent door.
  3057 | D:5      | Found a large runed translucent door.
  3061 | D:5      | Noticed a shadow
  3068 | D:5      | Found a large runed translucent door.
  3068 | D:5      | Found a large runed translucent door.
  3173 | D:5      | Reached skill level 5 in Fighting
  3173 | D:5      | Reached skill level 6 in Axes
  3225 | D:5      | Noticed a yak
  3232 | D:5      | Reached XP level 8. HP: 49/49 MP: 8/8
  3237 | D:5      | Killed a yak
  3330 | D:5      | Found an opulent altar of Gozag.
  3434 | D:5      | Reached skill level 7 in Axes
  3438 | D:5      | Killed a shadow
  3619 | D:6      | Found a shadowy altar of Dithmenos.
  3840 | D:6      | Noticed Eustachio
  3861 | D:6      | Killed Eustachio
  3862 | D:6      | Reached skill level 8 in Axes
  3862 | D:6      | Reached XP level 9. HP: 55/55 MP: 9/9
  3949 | D:7      | Noticed a +0 short sword
  4153 | D:7      | Found a hide-covered altar of Uskayaw.
  4153 | D:7      | Noticed a +0 spear
  4153 | D:7      | Noticed a +0 short sword
  4153 | D:7      | Noticed a +0 dagger
  4159 | D:7      | Noticed a +0 dagger
  4160 | D:7      | Noticed a +0 falchion
  4160 | D:7      | Noticed a +0 falchion
  4160 | D:7      | Noticed a +0 spear
  4236 | D:7      | Reached skill level 5 in Armour
  4259 | D:7      | Reached skill level 9 in Axes
  4291 | D:7      | Found a staircase to the Ecumenical Temple.
  4363 | D:7      | Reached **** piety under Trog
  4578 | D:8      | Reached XP level 10. HP: 61/61 MP: 10/10
  4623 | D:8      | Reached skill level 10 in Axes
  5581 | D:9      | Reached skill level 11 in Axes
  5624 | D:9      | Noticed Prince Ribbit
  5639 | D:9      | Found a staircase to the Lair.
  5642 | D:9      | Killed Prince Ribbit
  5642 | D:9      | Reached ***** piety under Trog
  5643 | D:9      | Reached skill level 5 in Dodging
  5778 | D:9      | Killed an unseen horror
  5854 | D:9      | Reached XP level 11. HP: 68/68 MP: 11/11
  5951 | D:9      | Found a shimmering blue altar of Sif Muna.
  6235 | Lair:1   | Entered Level 1 of the Lair of Beasts
  6298 | Lair:1   | Noticed Erica
  6305 | Lair:1   | Killed Erica
  6469 | Lair:1   | Reached skill level 12 in Axes
  7258 | Lair:2   | Reached skill level 1 in Shields
  7420 | Lair:2   | Found a hole to the Spider Nest.
  7538 | Lair:2   | Noticed a boulder beetle
  7550 | Lair:2   | Received a gift from Trog
  7557 | Lair:2   | Reached XP level 12. HP: 71/76 MP: 12/12
  7559 | Lair:2   | Reached skill level 1 in Throwing
  7562 | Lair:2   | Killed a boulder beetle
  7563 | Lair:2   | Reached skill level 13 in Axes
  7582 | Lair:2   | Found a staircase to the Shoals.
  8151 | Lair:3   | Reached skill level 10 in Fighting
  8446 | Lair:3   | Reached skill level 14 in Axes
  8682 | Lair:3   | Identified the +0 leather armour "Yffel" {rElec rC+}
  9139 | Lair:4   | Reached XP level 13. HP: 64/83 MP: 13/13
  9409 | Lair:4   | HP: 1/83 [four-headed hydra (8)]
  9519 | Lair:4   | Identified the +5 war axe "Kyiza" {flame, rF+ Stlth+} (Trog
                  | gifted it to you on level 4 of the Lair of Beasts)
  9519 | Lair:4   | Received a gift from Trog
  9624 | Lair:4   | Reached skill level 1 in Long Blades
  9624 | Lair:4   | Reached skill level 10 in Armour
  9849 | Lair:4   | Reached skill level 5 in Shields
  9863 | Lair:4   | Identified the +0 robe "Osicvicw" {rN++}
 10004 | Lair:4   | Reached skill level 15 in Axes
 10819 | Lair:5   | Entered Level 5 of the Lair of Beasts
 10844 | Lair:5   | Gained mutation: Your large and strong wings let you fly.
                  | [Gargoyle growth]
 10844 | Lair:5   | Reached XP level 14. HP: 90/90 MP: 14/14
 11017 | Lair:5   | Noticed Rupert
 11029 | Lair:5   | Killed Rupert
 11039 | Lair:5   | Noticed Nessos
 11042 | Lair:5   | Killed Nessos
 11073 | Lair:5   | Reached skill level 16 in Axes
 11138 | Lair:5   | Found a staircase to the Slime Pits.
 11767 | Lair:5   | Found the +8 demon trident "Rift" {distort, reach+}
 12574 | D:10     | Entered Level 10 of the Dungeon
 13613 | D:10     | Found a glowing silver altar of Zin.
 13965 | D:10     | Found a staircase to the Orcish Mines.
 13986 | D:10     | Reached ****** piety under Trog
 14613 | D:11     | Reached XP level 15. HP: 98/98 MP: 15/15
 14663 | D:11     | Gained mutation: Your movements are slightly less
                  | encumbered by armour. (ER -2) [potion of mutation]
 14663 | D:11     | Gained mutation: You are strong-willed. (Will+) [potion of
                  | mutation]
 14663 | D:11     | Gained mutation: You have sharp toenails. [potion of
                  | mutation]
 14663 | D:11     | Gained mutation: You expend magic power (3 MP) to
                  | strengthen your wands. [potion of mutation]
 15674 | D:12     | Received a gift from Trog
 15788 | D:12     | You are sucked into a shaft and drop 1 floor!
 16121 | D:13     | Noticed Frances
 16141 | D:13     | Killed Frances
 16430 | D:13     | Noticed Snorg
 16443 | D:13     | Killed Snorg
 16533 | D:13     | Found a gate to the Vaults.
 16572 | D:13     | Reached skill level 17 in Axes
 17305 | D:14     | Noticed Kirke
 17318 | D:14     | Killed Kirke
 18356 | D:15     | Entered Level 15 of the Dungeon
 18459 | D:15     | Found a frozen archway.
 18574 | IceCv    | Entered an ice cave
 18577 | IceCv    | Found a transporter.
 18578 | IceCv    | Slain by a harpy simulacrum

Illustrated notes

Levels and vault maps discovered:
D:1:      scummos_arrival_forest, layout_rooms
D:2:      layout_loops_ring, eino_tiny_chamber, st_stairs_8
D:3:      layout_basic, mainiacjoe_overflow_boulevard, minitemple
D:4:      layout_cave_pools, kennysheep_mini
D:5:      layout_rooms, nicolae_hepliaklqana_hippocampus,
          mainiacjoe_overflow_tiny_flanked, serial_shops, shop,
          chequers_serial_rivers_marsh, minmay_hollow_rounded_squares
D:6:      layout_rooms, nicolae_dithmenos_the_darkroom,
          kennysheep_generic_room_6, uniq_eustachio
D:7:      layout_rooms, nicolae_uskayaw_en_pointe,
          minmay_temple_entry_statues_pillars, minmay_misc_feat_hallway
D:8:      layout_basic
D:9:      layout_small_grid, nicolae_sif_muna_condensation, lair_entry_dummy,
          minmay_fire_ice_demons, uniq_prince_ribbit1
D:10:     layout_layer_cave, marbit_many_paths, erik_orc_2
D:11:     layout_grid_maze
D:12:     layout_roguey, hangedman_misty_isle
D:13:     layout_loops_cross, david_vaults_1, uniq_snorg, uniq_frances
D:14:     layout_long_grid, hangedman_abyss_or_decor_stabs,
          minmay_statue_bubble, uniq_kirke
D:15:     grunt_enter_depths_magical_seal, layout_layer_cave,
          okawaru_gym_becter, serial_rivers, chequers_serial_rivers_micro_b,
          chequers_serial_rivers_micro_b, chequers_serial_rivers_room_b,
          chequers_serial_rivers_micro_e, portal_ice_cave_entry_pillars_three,
          minivault_7
Lair:1:   layout_cave_pods, uniq_erica
Lair:2:   layout_concentric_octagons, shoals_dummy_entry,
          spider_nest_entry_rubble, serial_bayou_ford_a, st_stairs_5
Lair:3:   layout_small_grid, grunt_forest_large_clearing_hut
Lair:4:   regret_index_tunnel_blossom, layout_loops_ring, serial_forest,
          infiniplex_forest_clump_curved, infiniplex_forest_zigzag_2,
          infiniplex_forest_fountain, infiniplex_forest_zigzag_1,
          infiniplex_forest_clump_double, infiniplex_forest_clump_small,
          infiniplex_forest_lined_room_, st_stairs_3, eino_house_with_fridge
Lair:5:   evilmike_catoblepas_cave, layout_layer_cave, slime_entry_1,
          infiniplex_staircase_pool_2, uniq_rupert, uniq_nessos
IceCv:    ice_cave_statue_garden_transporter

Skill      XL: |  1  2  3  4  5  6  7  8  9 10 11 12 13 14 15 |
---------------+----------------------------------------------+-----
Axes           | 3 4 5 6 8 9 11 12 14 15 16 17 | 17.1
Dodging        | 2 3 4 5 6 7 |  7.1
Fighting       | 4 5 6 7 9 10 11 13 14 | 14.4
Stealth        | 1 2 3 4 |  4.3
Armour         | 3 4 5 6 8 9 10 11 12 | 12.2
Shields        | 1 4 5 7 |  7.6
Throwing       | 1 |  1.7
Long Blades    | 2 |  2.0

Action                     |  1- 3 |  4- 6 |  7- 9 | 10-12 | 13-15 || total
---------------------------+-------+-------+-------+-------+-------++-------
  Melee: Hand axe          |   144 |   122 |       |       |       ||   266
         Punch             |     1 |     2 |     1 |     4 |    22 ||    30
         War axe           |       |    51 |   116 |   300 |   888 ||  1355
         Scimitar          |       |       |       |       |    21 ||    21
  Throw: Dart              |       |       |       |     1 |     2 ||     3
 Invoke: Berserk           |       |     1 |     5 |     2 |    14 ||    22
         Trog's Hand       |       |       |     2 |     3 |    10 ||    15
         Brothers in Arms  |       |       |       |       |     3 ||     3
    Use: Scroll            |       |     6 |     8 |     7 |    14 ||    35
         Potion            |       |       |       |       |     2 ||     2
   Stab: Distracted        |       |     1 |     1 |       |       ||     2
         Sleeping          |       |     1 |       |       |     3 ||     4
         Petrified         |       |       |       |       |     3 ||     3
 Armour: Animal skin       |    80 |    76 |       |       |       ||   156
         Plate armour      |       |    31 |       |       |       ||    31
         Chain mail        |       |    10 |   113 |   317 |   708 ||  1148
  Dodge: Dodged            |    87 |   170 |   149 |   400 |   823 ||  1629
  Block: Other             |       |       |       |    67 |   210 ||   277
         Reflection        |       |       |       |       |     6 ||     6

Table legend: (Time is in decaauts)
 A = Elapsed time spent in this place.
 B = Non-inter-level travel time spent in this place.
 C = Inter-level travel time spent in this place.
 D = Time resting spent in this place.
 E = Time spent auto-exploring this place.
 F = Levels seen in this place.
 G = Mean time per level.
                   A        B        C        D        E       F      G
               +--------+--------+--------+--------+--------+-----+--------+
         Total |  18795 |  18104 |    691 |    556 |  13276 |  21 |  895.0 |
       Dungeon |  12452 |  12039 |    413 |    305 |   8843 |  15 |  830.1 |
          Lair |   6339 |   6061 |    278 |    251 |   4432 |   5 | 1267.8 |
      Ice Cave |      3 |      3 |      0 |      0 |      0 |   1 |    3.0 |
               +--------+--------+--------+--------+--------+-----+--------+

Top non-repeatable levels by time:
  Lair:4: 1759 daAuts
  Lair:5: 1603 daAuts
    D:10: 1461 daAuts
  Lair:2: 1125 daAuts
    D:11: 1112 daAuts
    D:14: 1084 daAuts
    D:12: 1047 daAuts
    D:13: 1007 daAuts
     D:8: 980 daAuts
  Lair:1: 948 daAuts
  Lair:3: 902 daAuts
     D:3: 891 daAuts
     D:2: 849 daAuts
     D:5: 782 daAuts
     D:9: 729 daAuts
